 Dungeon Crawl Stone Soup version 0.30.0-29-ga12c61a403 (webtiles) character file.

Game seed: 6380000741864939434

7918 Irreverend the Skirmisher (level 11, -3/89 HPs)
             Began as a Barachi Hunter on June 5, 2023.
             Was a Believer of Okawaru.
             Killed from afar by an acid dragon (23 damage)
             ... with a splash of acid
             ... on level 11 of the Dungeon.
             The game lasted 00:24:41 (10100 turns).

Irreverend the Skirmisher (Barachi Hunter)         Turns: 10100, Time: 00:24:41

Health: -3/89      AC:  2    Str: 12    XL:     11   Next: 22%
Magic:  11/11      EV: 16    Int: 10    God:    Okawaru [**....]
Gold:   768        SH:  0    Dex: 20    Spells: 10/10 levels left

rFire   . . .        a - +0 shortbow
rCold   . . .        (shield currently unavailable)
rNeg    . . .        F - quicksilver dragon scales
rPois   +            n - +2 helmet
rElec   .            N - +0 cloak
rCorr   .            (no gloves)
SInv    +            X - +0 pair of boots
Will    +....        L - amulet of regeneration
Stlth   +            w - ring of see invisible
HPRegen 1.14/turn    k - ring of poison resistance
MPRegen 0.12/turn

%: no passive effects
@: corroded, slow
A: amphibious, slowness 1, strong legs 1, +LOS
a: Hop, Renounce Religion, Heroism


You were on level 11 of the Dungeon.
You worshipped Okawaru.
Okawaru was pleased with you.
You visited 2 branches of the dungeon, and saw 12 of its levels.
You also visited: Bailey.

You collected 768 gold pieces.

Inventory:

Hand Weapons
 a - a +0 shortbow (weapon)
 I - the +6 shillelagh "Devastator" {shatter}
   (You found it on level 5 of the Dungeon)
 T - the +6 arbalest "Sarcophage" {elec, rC- Int+3 Dex+3}
   (You found it in a bailey)

   Int:       It affects your intelligence (+3).
   Dex:       It affects your dexterity (+3).
   rC:        It makes you vulnerable to cold.
Missiles
 B - 6 throwing nets (quivered)
Armour
 n - a +2 helmet (worn)
 F - quicksilver dragon scales (worn)
 N - a +0 cloak (worn)
 X - a +0 pair of boots (worn)
Jewellery
 k - a ring of poison resistance (right hand)
 t - an amulet of guardian spirit
 w - a ring of see invisible (left hand)
 L - an amulet of regeneration (around neck)
 P - a ring of positive energy
Wands
 D - a wand of charming (11)
 E - a wand of polymorph (8)
 G - a wand of acid (7)
 K - a wand of flame (51)
 V - a wand of iceblast (3)
 W - a wand of digging (1)
Scrolls
 b - 6 scrolls of immolation
 d - 3 scrolls of fog {unknown}
 h - 3 scrolls of teleportation
 l - 2 scrolls of amnesia {unknown}
 p - 10 scrolls of identify {unknown}
 r - 3 scrolls of fear {unknown}
 s - a scroll of vulnerability {unknown}
 u - 2 scrolls of poison {unknown}
 v - 2 scrolls of blinking {unknown}
 x - 2 scrolls of enchant armour {unknown}
 y - a scroll of silence {unknown}
 z - 5 scrolls of enchant weapon {unknown}
 A - a scroll of summoning {unknown}
 C - 4 scrolls of magic mapping {unknown}
 R - a scroll of brand weapon {unknown}
Potions
 c - a potion of ambrosia {unknown}
 e - 6 potions of haste {unknown}
 f - a potion of resistance {unknown}
 g - a potion of lignification {unknown}
 i - 3 potions of might {unknown}
 j - 2 potions of berserk rage {unknown}
 m - 7 potions of curing
 o - 2 potions of flight {unknown}
 q - 5 potions of invisibility {unknown}
 H - 4 potions of heal wounds {unknown}
 J - 3 potions of mutation {unknown}
 M - a potion of degeneration {unknown}
 O - a potion of brilliance {unknown}
 Q - 2 potions of magic {unknown}
 S - a potion of experience
 U - a potion of attraction {unknown}


   Skills:
 + Level 9.6 Fighting
 * Level 11.7 Ranged Weapons
 + Level 8.5 Armour
 + Level 8.8 Dodging
 - Level 0.8 Stealth


You had 10 spell levels left.
You didn't know any spells.
Your spell library contained the following spells:

 Spells                   Type           Power      Damage    Failure   Level
 Apportation              Tloc           0%         N/A       58%         1
 Magic Dart               Conj           0%         1d3       58%         1
 Necrotise                Necr           0%         1d4       58%         1
 Shock                    Conj/Air       0%         1d3       58%         1
 Lesser Beckoning         Tloc           0%         N/A       73%         2
 Sublimation of Blood     Necr           0%         N/A       73%         2
 Wereblood                Tmut           0%         N/A       73%         2
 Gell's Gravitas          Tloc           0%         N/A       91%         3
 Inner Flame              Hex/Fire       0%         N/A       91%         3
 Mephitic Cloud           Conj/Pois/Air  0%         N/A       91%         3
 Swiftness                Air            0%         N/A       91%         3
 Teleport Other           Tloc           0%         N/A       91%         3
 Vampiric Draining        Necr           0%         2d6       91%         3
 Airstrike                Air            0%         2d(0-16)  100%        4
 Flame Wave               Conj/Fire      0%         2d4       100%        4
 Sticky Flame             Conj/Fire      0%         2d3       100%        4
 Agony                    Necr           0%         N/A       100%        5
 Summon Small Mammal      Summ           Unusable   N/A       N/A         1
 Call Imp                 Summ           Unusable   N/A       N/A         2
 Summon Hydra             Summ           Unusable   N/A       N/A         7

Dungeon Overview and Level Annotations

Branches:
Dungeon (11/15)            Temple (1/1) D:5             Orc (0/2) D:10
 Bailey (visited)
   Lair: D:8-11

Altars:
Ashenzari
Hepliaklqana
Okawaru
Qazlal
Sif Muna
Trog
Uskayaw
Xom
Zin
The Shining One

Shops:
D:10 !

Annotations:
D:8 2 transporters, wingedge's ghost, novice HuWn


Innate Abilities, Weirdness & Mutations

You are amphibious.
You cover ground slowly.
You can hop short distances.
You have an extended range of vision and can be seen from far away.


Message History

The arrow hits the gargoyle but does no damage.
The acid dragon barely misses you.
The acid dragon claws you but does no damage.
You shoot an arrow.
The arrow hits the acid dragon but does no damage.
The acid dragon is almost dead.
The acid dragon bites you. The acid dragon completely misses you.
You shoot an arrow.
The arrow barely misses the acid dragon.
The arrow hits the gargoyle but does no damage.
The acid dragon spits acid at you. The splash of acid hits you!
You shoot an arrow. The arrow hits the acid dragon.
The acid dragon is almost dead.
The acid dragon bites you! The acid dragon misses you.
You shoot an arrow.
The arrow barely misses the acid dragon.
The arrow hits the gargoyle but does no damage.
The acid dragon bites you! The acid dragon closely misses you.
You shoot an arrow.
The arrow closely misses the acid dragon.
The arrow hits the gargoyle but does no damage.
The acid dragon spits acid at you. The splash of acid hits you!!
* * * LOW HITPOINT WARNING * * *
The acid corrodes you!
You are too injured to fight recklessly!
You are too injured to fight recklessly!
The acid dragon bites you!
* * * LOW HITPOINT WARNING * * *
The acid dragon claws you.
* * * LOW HITPOINT WARNING * * *
Things that are here:
a +0 troll leather armour; a troll corpse The acid dragon attacks as you move away!
The acid dragon misses you. The acid dragon claws you.
* * * LOW HITPOINT WARNING * * *
The acid dragon spits acid at you. The splash of acid hits you!!
You die...

≈≈≈≈≈#.......#≈≈≈≈≈
≈≈≈≈≈#.......#≈≈≈≈≈
≈≈≈≈≈#.......#≈≈≈≈≈≈
≈≈≈≈≈#.......#≈≈≈≈≈≈
≈≈≈≈≈#.......#≈≈≈≈≈≈
≈≈≈≈≈#.......#≈≈≈≈≈≈
≈≈≈≈≈#.......#≈≈≈≈≈≈
≈≈≈≈≈#.......#≈≈≈≈≈≈
≈≈≈≈≈#....@..#≈≈≈≈≈≈
≈≈≈≈≈#....[..#≈≈≈≈≈≈ ≈
≈≈≈≈≈#....D9.#≈≈≈≈≈≈
≈≈≈≈≈≈≈#.......#≈≈≈≈≈≈
≈≈≈≈≈≈≈#.......#≈≈≈≈≈≈
###########'##########
.......##.....##......
...[...#.......#......
9.<....#.......# .....


You could see an acid dragon (catching breath) and a gargoyle.

Vanquished Creatures
  An orc warlord (Bailey)
  2 two-headed ogres
  A troll (D:11)
  A shadow (D:10)
  4 wyverns
  7 yaks
  A steam dragon (D:7)
  Edmund (D:6)
  7 orc warriors
  2 sky beasts
  2 black bears
  3 ogres (D:5)
  2 centaurs
  A gnoll sergeant (D:9)
  2 kobold brigands
  3 bullfrogs
  3 scorpions
  5 wights (D:10)
  4 killer bees (D:8)
  2 howler monkeys
  7 jellies
  5 orc priests
  A gnoll bouda (D:8)
  4 hounds
  8 orc wizards
  An iguana (D:6)
  27 gnolls
  6 adders
  3 white imps
  2 ufetubi
  2 worms (D:2)
  4 dart slugs
  30 orcs
  6 ball pythons
  15 endoplasms
  3 giant cockroaches
  8 goblins
  5 hobgoblins
  4 jackals (D:4)
  35 kobolds
  2 quokkas
  2 bats (D:1)
  2 frilled lizards
  4 rats
240 creatures vanquished.

Notes
Turn   | Place    | Note
-------+----------+-------------------------------------------
     0 | D:1      | Irreverend the Barachi Hunter began the quest for the Orb.
     0 | D:1      | Reached XP level 1. HP: 17/17 MP: 1/1
   109 | D:1      | Reached XP level 2. HP: 16/21 MP: 2/2
   422 | D:1      | Reached XP level 3. HP: 29/29 MP: 3/3
   535 | D:2      | Found a faded altar of an unknown god.
   546 | D:2      | Got Plato's Commentary on Peregrination
   816 | D:2      | Reached XP level 4. HP: 27/35 MP: 4/4
  1245 | D:2      | Reached skill level 5 in Ranged Weapons
  1255 | D:2      | Reached XP level 5. HP: 34/42 MP: 3/5
  2009 | D:3      | Reached XP level 6. HP: 48/48 MP: 6/6
  2086 | D:3      | Reached skill level 1 in Armour
  2115 | D:3      | You fall into a shaft and drop 3 floors!
  2115 | D:6      | Found a stormy altar of Qazlal.
  2311 | D:6      | Noticed a sky beast
  2323 | D:6      | Killed a sky beast
  2324 | D:6      | Reached skill level 6 in Ranged Weapons
  2371 | D:6      | Noticed Edmund
  2393 | D:6      | Killed Edmund
  2394 | D:6      | Reached XP level 7. HP: 13/55 MP: 2/7
  2457 | D:6      | Noticed a wyvern
  2470 | D:6      | Killed a wyvern
  2471 | D:6      | Reached skill level 5 in Fighting
  2793 | D:6      | Found a glowing silver altar of Zin.
  2893 | D:6      | Reached skill level 7 in Ranged Weapons
  2946 | D:6      | Identified the +7 hand axe of the Freezing Enemy {freeze,
                  | rF+ Will++}
  3013 | D:5      | Entered Level 5 of the Dungeon
  3088 | D:5      | Found the +6 shillelagh "Devastator" {shatter}
  3105 | D:5      | Reached XP level 8. HP: 63/63 MP: 8/8
  3118 | D:5      | Reached skill level 5 in Dodging
  3452 | D:5      | Found a staircase to the Ecumenical Temple.
  3459 | Temple   | Entered the Ecumenical Temple
  3501 | Temple   | Became a worshipper of Warmaster Okawaru
  3771 | D:5      | Reached skill level 8 in Ranged Weapons
  4887 | D:7      | Reached skill level 5 in Armour
  4887 | D:7      | Reached XP level 9. HP: 71/71 MP: 9/9
  4920 | D:7      | Found a flagged portal.
  4925 | D:7      | Identified the +10 hand axe of Abomination {pain, Int+5}
  4928 | Bailey   | Entered a bailey
  5039 | Bailey   | Noticed an orc warlord
  5092 | Bailey   | Reached * piety under Okawaru
  6004 | Bailey   | Found a runed translucent gate.
  6004 | Bailey   | Found a runed translucent gate.
  6004 | Bailey   | Found a runed translucent gate.
  6351 | Bailey   | Killed an orc warlord
  6351 | Bailey   | Reached ** piety under Okawaru
  6352 | Bailey   | Reached skill level 9 in Ranged Weapons
  6396 | Bailey   | Identified the +6 arbalest "Sarcophage" {elec, rC- Int+3
                  | Dex+3}
  6667 | D:7      | Reached XP level 10. HP: 71/80 MP: 10/10
  6688 | D:7      | Found a broken altar of Ashenzari.
  6766 | D:7      | Found a glowing golden altar of the Shining One.
  6972 | D:7      | Reached skill level 10 in Ranged Weapons
  7123 | D:7      | Found a bloodstained altar of Trog.
  7915 | D:8      | Found a transporter.
  7920 | D:8      | Found a transporter.
  7920 | D:8      | Noticed wingedge's ghost (novice HuWn)
  8011 | D:8      | Found a hide-covered altar of Uskayaw.
  8356 | D:9      | Found a hazy altar of Hepliaklqana.
  8640 | D:9      | Found a shimmering blue altar of Sif Muna.
  8679 | D:9      | Noticed a two-headed ogre
  8691 | D:9      | Killed a two-headed ogre
  8867 | D:10     | Entered Level 10 of the Dungeon
  8944 | D:10     | Found a staircase to the Orcish Mines.
  8984 | D:10     | Found Zeazosm's Distillery.
  9051 | D:10     | Reached skill level 11 in Ranged Weapons
  9191 | D:10     | Reached *** piety under Okawaru
  9206 | D:10     | Reached XP level 11. HP: 52/89 MP: 11/11
  9311 | D:10     | Found a shimmering altar of Xom.
  9797 | D:11     | Noticed a two-headed ogre
  9951 | D:10     | Killed a two-headed ogre
 10100 | D:11     | Killed from afar by an acid dragon

Illustrated notes

Levels and vault maps discovered:
D:1:      doesnt_arrival_eight_statues, layout_basic
D:2:      cheibrodos_fertilizer, layout_basic,
          shapermc_ecumenical_altar_rom_forum
D:3:      layout_rooms, kennysheep_generic_room_9
D:4:      layout_basic, chequers_serial_rivers_marsh,
          ebering_dispersal_statue_hall
D:5:      layout_loops_ring, minmay_temple_entry_tees,
          minmay_misc_feat_secret_circle, dilly_guarded_unrand_devastator
D:6:      layout_rooms, mainiacjoe_overflow_catch_the_wave, enter_ossuary_5,
          amethyst_killhole, minmay_holes, chequers_serial_rivers_micro_d,
          kennysheep_small_spiral, st_stairs_7, uniq_edmund
D:7:      layout_loops_ring, lemuel_coloured_pillars_altar, enter_bailey_2,
          columned_hall_lemuel, hangedman_feature_mirror, minmay_misc_feat_x
D:8:      layout_cave_pools, nicolae_uskayaw_dance_hall, gammafunk_ghost_arena,
          st_stairs_10, serial_bayou_pond_d
D:9:      layout_rooms, old_standard_altar, mainiacjoe_overflow_small_starburst
D:10:     layout_basic, amcnicky_altar_gilded, orc_0_dummy, serial_shops,
          nicolae_shop_advertising_works [nicolae_subvault_shop_adworks]
D:11:     layout_cross, kennysheep_flooded_box
Temple:   regret_index_temple_generic_petals

Skill      XL: |  1  2  3  4  5  6  7  8  9 10 |
---------------+-------------------------------+-----
Fighting       | 3 4 5 6 7 9 |  9.6
Dodging        | 3 4 6 7 8 |  8.8
Ranged Weapons | 5 6 7 8 9 11 | 11.7
Armour         | 2 3 5 6 8 |  8.5
Stealth        | |  0.8

Action                     |  1- 3 |  4- 6 |  7- 9 | 10-12 || total
---------------------------+-------+-------+-------+-------++-------
   Fire: Shortbow          |    70 |   197 |   489 |   475 ||  1231
 Invoke: Heroism           |       |       |     1 |    11 ||    12
Ability: Hop               |     2 |     6 |     8 |     3 ||    19
    Use: Scroll            |       |     1 |       |     1 ||     2
         Potion            |       |       |     1 |       ||     1
 Armour: Leather armour    |     2 |       |       |       ||     2
         Scale mail        |    12 |    64 |     4 |       ||    80
         Quicksilver drago |       |       |    64 |   191 ||   255
  Dodge: Dodged            |    22 |    71 |   107 |   382 ||   582
